 Dungeon Crawl Stone Soup version 0.25.1-2-g60ff931df9 (webtiles) character file.

Game seed: 9457851822541193494

93 Martska the Chucker (level 4, 0/48 HPs)
             Began as an Ogre Hunter on Oct 17, 2020.
             Slain by a jackal (1 damage)
             ... on level 3 of the Dungeon.
             The game lasted 00:02:17 (2554 turns).

Martska the Chucker (Ogre Hunter)                   Turns: 2554, Time: 00:02:17

Health: 0/48       AC:  3    Str: 17    XL:     4   Next: 61%
Magic:  4/4        EV: 10    Int: 12    God:
Gold:   85         SH:  0    Dex:  9    Spells: 3/3 levels left

rFire    . . .     SeeInvis .   h - +0 whip
rCold    . . .     Gourm    .   (no shield)
rNeg     . . .     Faith    .   b - +0 robe
rPois    .         Spirit   .   (helmet restricted)
rElec    .         Reflect  .   (no cloak)
rCorr    .         Harm     .   (gloves unavailable)
MR       .....                  (boots unavailable)
Stlth    +.........             (no amulet)
HPRegen  0.16/turn              (no ring)
MPRegen  0.09/turn              (no ring)

@: very slightly contaminated
A: large, unfitting armour, tough skin 1
a: no special abilities


You were on level 3 of the Dungeon.
You were hungry.

You visited 1 branch of the dungeon, and saw 3 of its levels.

You collected 85 gold pieces.

Inventory:

Hand Weapons
 a - a +0 short sword
 h - a +0 whip (weapon)
Missiles
 d - a throwing net (quivered)
Armour
 b - a +0 robe (worn)
Scrolls
 j - 2 scrolls of identify {unknown}
 k - a scroll of enchant armour {unknown}
 l - a scroll of teleportation {unknown}
 o - a scroll of enchant weapon {unknown}
Potions
 e - 2 potions of heal wounds {unknown}
 g - 2 potions of stabbing {unknown}
 n - a potion of cancellation {unknown}
Comestibles
 f - 4 rations


   Skills:
 * Level 3.9 Fighting
 * Level 1.5 Maces & Flails
 * Level 4.5 Throwing
 * Level 2.6 Dodging
 - Level 0.6 Stealth


You had 3 spell levels left.
You didn't know any spells.
Your spell library was empty.

Dungeon Overview and Level Annotations

Branches:
Dungeon (3/15)

Altars:

Annotations:
D:2 Sigmund


Innate Abilities, Weirdness & Mutations

You are too large for most types of armour.
You have tough skin. (AC +1)


Message History

Found 11 gold pieces.
Throwing (i - inventory)
d - 2 throwing nets (quivered)
Press: ? - help, Shift-Dir - straight line, f - jackal
Aim: a jackal You throw a throwing net.
The throwing net completely misses the jackal.
A jackal comes into view.
You closely miss the jackal.
The jackal bites you but does no damage.
You closely miss the jackal.
The jackal barks!
The jackal bites you.
* * * LOW HITPOINT WARNING * * *
The jackal bites you.
* * * LOW HITPOINT WARNING * * *
You hit the jackal.
You kill the jackal!
You are feeling hungry.
The jackal bites you.
You die...

#### ##
..... .#
#..####$#
####....h@.#
#.......##.#
..##.h#.# .#
.(.. ... ..
####
.####.## #.
.# # .# ##


You could see 2 jackals.

Vanquished Creatures
  3 adders (D:2)
  An ooze (D:1)
  A worm (D:2)
  2 dart slugs
  9 bats
  5 giant cockroaches
  6 goblins
  6 hobgoblins
  7 jackals
  2 kobolds
  4 frilled lizards
  6 rats
52 creatures vanquished.

Notes
Turn   | Place    | Note
-------+----------+-------------------------------------------
     0 | D:1      | Martska the Ogre Hunter began the quest for the Orb.
     0 | D:1      | Reached XP level 1. HP: 22/22 MP: 1/1
   251 | D:1      | Reached XP level 2. HP: 30/31 MP: 2/2
   683 | D:1      | Reached XP level 3. HP: 28/37 MP: 3/3
  1129 | D:2      | Reached skill level 1 in Maces & Flails
  1629 | D:2      | Reached XP level 4. HP: 31/46 MP: 4/4
  2524 | D:2      | Noticed Sigmund
  2553 | D:3      | HP: 1/48 [jackal (3)]
  2554 | D:3      | Slain by a jackal

Illustrated notes

Levels and vault maps discovered:
D:1:      minmay_arrival_floating_metal, layout_basic
D:2:      layout_basic, uniq_crazy_yiuf_cottage, uniq_sigmund
D:3:      layout_loops_cross, marbit_many_paths, elyvilon_altar_4,
          lemuel_zombie_altar_yredelemnul, uniq_natasha, uniq_terence

Skill      XL: |  1  2  3 |
---------------+----------+-----
Fighting       | 3 |  3.9
Dodging        | 2 |  2.6
Maces & Flails | 1 |  1.5
Throwing       | |  4.5
Stealth        | |  0.6

Action                   |  1- 3 |  4- 6 || total
-------------------------+-------+-------++-------
Melee: Whip              |   132 |    71 ||   203
       Short sword       |     7 |       ||     7
Throw: Large rock        |     4 |     6 ||    10
       Throwing net      |       |     1 ||     1
  Use: Scroll            |       |     1 ||     1
 Stab: Sleeping          |     2 |       ||     2
  Eat: Chunk             |     2 |     3 ||     5
Armor: Robe              |    68 |    31 ||    99
Dodge: Dodged            |   111 |    69 ||   180
